 Dungeon Crawl Stone Soup version 0.29-a0-911-g88e6f02907 (webtiles) character file.

Game seed: 3976713766539409641

1101 freelancePsychic the Basher (level 8, -6/105 HPs)
             Began as a Meteoran Gladiator on July 23, 2022.
             Was an Initiate of Hepliaklqana.
             Mangled by a killer bee (7 damage)
             ... on level 8 of the Dungeon on July 26, 2022.
             The game lasted 00:10:18 (1543 turns).

freelancePsychic the Basher (Meteoran Gladiator)    Turns: 1543, Time: 00:10:19

Health: -6/105     AC: 17    Str: 16    XL:     8   Next: 88%
Magic:  8/8        EV: 13    Int: 14    God:    Hepliaklqana [......]
Gold:   153        SH:  0    Dex: 15    Spells: 7/7 levels left

rFire   . . .      SeeInvis .   a - +2 flail (protect)
rCold   + . .      Faith    .   (no shield)
rNeg    . . .      Spirit   .   t - +0 steam dragon scales
rPois   .          Reflect  .   c - +0 helmet
rElec   .          Harm     .   (no cloak)
rCorr   .          Rampage  .   n - +1 pair of gloves
Will    +....                   q - +0 pair of boots
Stlth   ..........              (no amulet)
HPRegen 0.27/turn               d - ring of protection from cold
MPRegen 0.11/turn               (no ring)

@: berserking (expiring), lethally poisoned (-6 -> -13), under a protective
aura, glowing, very quick
A: sense surroundings 1, otherworldly, glowing, explore regen, clever 1, low MP
1
a: Renounce Religion


You were on level 8 of the Dungeon.
You worshipped Hepliaklqana.
Hepliaklqana was noncommittal.
You visited 1 branch of the dungeon, and saw 8 of its levels.

You collected 153 gold pieces.

Inventory:

Hand Weapons
 a - a +2 flail of protection (weapon)
 k - a +0 longbow
Missiles
 e - a javelin (quivered)
 g - 5 poisoned darts
Armour
 c - a +0 helmet (worn)
 j - a +0 ring mail
 n - a +1 pair of gloves (worn)
 q - a +0 pair of boots (worn)
 t - +0 steam dragon scales (worn)
Jewellery
 d - a ring of protection from cold (left hand)
 l - an amulet of magic regeneration
Scrolls
 i - a scroll of magic mapping
 o - a scroll of teleportation {@r4}
 s - a scroll of identify {@r1}
Potions
 b - a potion of flight
 h - a potion of mutation
 m - a potion of degeneration


   Skills:
 + Level 5.9 Fighting
 - Level 8.0 Maces & Flails
 * Level 5.2 Ranged Weapons
 - Level 2.4 Throwing
 - Level 3.7 Armour
 - Level 3.9 Dodging


You had 7 spell levels left.
You didn't know any spells.
Your spell library contained the following spells:

 Spells                   Type           Power      Damage    Failure   Level
 Call Canine Familiar     Summ           0%         N/A       65%         3
 Portal Projectile        Hex/Tloc       0%         N/A       65%         3
 Leda's Liquefaction      Hex/Erth       0%         N/A       96%         4


Dungeon Overview and Level Annotations

Branches:
Dungeon (8/15) Zot: 3187   Temple (0/1) D:7
   Lair: D:8-11

Altars:
Dithmenos
Elyvilon
Hepliaklqana
Uskayaw


Innate Abilities, Weirdness & Mutations

You passively map a small area around you.
You are easily found by Zot.
You glow in the dark.
You regain HP and MP as you explore.
Your mind is acute. (Int +4, Str/Dex -1)
Your magical capacity is low. (-10% MP)


Message History

You kill the killer bee!
You feel sick.
The killer bee stings you but does no damage.
The killer bee completely misses you.
You barely miss the killer bee.
The killer bee is heavily wounded.
You feel sick.
The killer bee stings you but does no damage.
The killer bee stings you.
* * * LOW HITPOINT WARNING * * *
You are lethally poisoned!
The killer bee poisons you!
An orc wizard comes into view. It is wielding a +0 dagger.
The killer bee barely misses you.
The killer bee stings you but does no damage.
You barely miss the killer bee.
The killer bee is heavily wounded.
* * * LOW HITPOINT WARNING * * *
You feel very sick. The killer bee stings you.
* * * LOW HITPOINT WARNING * * *
The killer bee barely misses you.
Unknown command.
You barely miss the killer bee.
The killer bee is heavily wounded.
* * * LOW HITPOINT WARNING * * *
You feel sick. The killer bee closely misses you.
The killer bee stings you but does no damage.
You barely miss the killer bee.
The killer bee is heavily wounded.
* * * LOW HITPOINT WARNING * * *
You feel sick. The killer bee barely misses you. x2
The killer bee completely misses you. The killer bee closely misses you.
Unknown command.
You are too berserk!
You barely miss the killer bee.
The killer bee is heavily wounded.
* * * LOW HITPOINT WARNING * * *
You feel sick. The killer bee stings you!
You die...

* , ...##*.....
, ,, * *
...#.).... , ,
, *, ,*,
#..#$..... , *
, ,*,
#..#......
#.####..#......
, ,
#..........o# *
*,
######......# ,
* #.....y†y...#
*#.####.@....#
,, * #
#.......# , #.
#..###### , , *
#..##.......# ,
#.......###.#
##.......... ,
#####.##.## , ,
#......*, *
#.######


You could see 2 killer bees and an orc wizard.

Vanquished Creatures
  A steam dragon (D:7)
  Pargi (D:4)
  2 ice beasts
  2 black bears
  2 scorpions
  2 killer bees (D:8)
  A howler monkey (D:5)
  A jelly (D:3)
  2 hounds
  3 iguanas
  4 adders
  3 ufetubi
  2 worms (D:2)
  8 orcs
  5 endoplasms
  2 giant cockroaches
  2 goblins
  4 hobgoblins
  3 quokkas
  4 ball pythons
  3 bats
  A frilled lizard (D:1)
  4 kobolds (D:3)
  5 rats
67 creatures vanquished.

Vanquished Creatures (collateral kills)
  An orc (D:4)
1 creature vanquished.

Vanquished Creatures (others)
  6 plants (D:6)
6 creatures vanquished.

Grand Total: 74 creatures vanquished

Notes
Turn   | Place    | Note
-------+----------+-------------------------------------------
     0 | D:1      | freelancePsychic the Meteoran Gladiator began the quest for
                  | the Orb.
     0 | D:1      | Reached XP level 1. HP: 17/17 MP: 2/2
    92 | D:1      | Reached XP level 2. HP: 16/25 MP: 3/3
   237 | D:2      | Reached skill level 5 in Maces & Flails
   237 | D:2      | Reached XP level 3. HP: 8/30 MP: 4/4
   375 | D:2      | Reached XP level 4. HP: 24/37 MP: 5/5
   567 | D:3      | Reached skill level 1 in Armour
   567 | D:3      | Reached XP level 5. HP: 16/45 MP: 6/6
   669 | D:3      | Upgraded the game from 0.29-a0-892-g2c4c91d9db to
                  | 0.29-a0-911-g88e6f02907
   670 | D:3      | Reached skill level 6 in Maces & Flails
   847 | D:4      | Noticed Pargi
   869 | D:4      | Killed Pargi
   870 | D:4      | Reached XP level 6. HP: 50/52 MP: 7/7
   891 | D:5      | Entered Level 5 of the Dungeon
   892 | D:5      | Found a white marble altar of Elyvilon.
   906 | D:5      | Reached skill level 7 in Maces & Flails
   907 | D:5      | Noticed an ice beast
   914 | D:5      | Killed an ice beast
   915 | D:5      | Reached XP level 7. HP: 53/59 MP: 8/8
   989 | D:5      | Found a hide-covered altar of Uskayaw.
   994 | D:5      | Found a hazy altar of Hepliaklqana.
  1001 | D:5      | Became a worshipper of Hepliaklqana the Forgotten
  1016 | D:5      | Reached skill level 8 in Maces & Flails
  1201 | D:6      | Reached skill level 1 in Ranged Weapons
  1201 | D:6      | Reached XP level 8. HP: 67/67 MP: 9/9
  1346 | D:6      | Found a shadowy altar of Dithmenos.
  1362 | D:6      | Reached skill level 5 in Fighting
  1403 | D:7      | Found a staircase to the Ecumenical Temple.
  1467 | D:7      | Noticed a steam dragon
  1473 | D:7      | Killed a steam dragon
  1527 | D:8      | Gained mutation: Your magical capacity is low. (-10% MP)
                  | [potion of mutation]
  1527 | D:8      | Gained mutation: Your mind is acute. (Int +4, Str/Dex -1)
                  | [potion of mutation]
  1532 | D:8      | Reached skill level 5 in Ranged Weapons
  1540 | D:8      | HP: 5/105 [killer bee (1)]
  1542 | D:8      | HP: 2/105 [poisoned by a killer bee]
  1543 | D:8      | Mangled by a killer bee

Illustrated notes

Levels and vault maps discovered:
D:1:      ncdulo_watergridlock, layout_loops_corners,
          ebering_ecumenical_altar_sacrificial, kennysheep_nondescript,
          grunt_decor_clamped, wander_ebering_terrifying_dragon_lair
D:2:      layout_basic
D:3:      layout_basic, mainiacjoe_overflow_chevrons, dk_noncrumbling_4,
          uniq_terence, uniq_crazy_yiuf_cottage
D:4:      layout_gridville, lemuel_doored_altar, mainiacjoe_overflow_alcove_1,
          uniq_pargi
D:5:      layout_loops_cross, general_overflow_altar, kennysheep_mini_moat,
          amethyst_overflow_temple_binary, serial_park_tiny_2
D:6:      layout_basic, mainiacjoe_overflow_brackets, serial_bayou_crossing,
          uniq_maggie
D:7:      layout_basic, minmay_temple_entry_mini_moons
D:8:      erik_cavepeople, layout_basic, erik_lair_orcish_takeover

Skill      XL: |  1  2  3  4  5  6  7  8 |
---------------+-------------------------+-----
Maces & Flails | 5 6 7 8 |  8.0
Fighting       | 3 4 5 |  5.9
Armour         | 1 2 3 |  3.7
Ranged Weapons | 1 5 |  5.2
Throwing       | |  2.4
Dodging        | |  3.9

Action                   |  1- 3 |  4- 6 |  7- 9 || total
-------------------------+-------+-------+-------++-------
Melee: Flail             |    61 |    93 |    25 ||   179
       Punch             |     1 |     1 |     1 ||     3
 Fire: Longbow           |       |       |    68 ||    68
Throw: Throwing net      |       |     3 |       ||     3
Evoke: Wand              |       |     1 |     3 ||     4
  Use: Scroll            |     1 |     5 |     4 ||    10
       Potion            |     1 |     3 |     2 ||     6
Armor: Leather armour    |    21 |       |       ||    21
       Skin              |    13 |       |       ||    13
       Scale mail        |    14 |    65 |     5 ||    84
       Chain mail        |       |       |     9 ||     9
       Ring mail         |       |       |    41 ||    41
       Steam dragon scal |       |       |    38 ||    38
Dodge: Dodged            |    42 |    54 |    86 ||   182

Table legend: (Time is in decaauts)
 A = Elapsed time spent in this place.
 B = Non-inter-level travel time spent in this place.
 C = Inter-level travel time spent in this place.
 D = Time resting spent in this place.
 E = Time spent auto-exploring this place.
 F = Levels seen in this place.
 G = Mean time per level.
                   A        B        C        D        E       F      G
               +--------+--------+--------+--------+--------+-----+--------+
         Total |   1612 |   1467 |    145 |     62 |     28 |   8 |  201.5 |
       Dungeon |   1612 |   1467 |    145 |     62 |     28 |   8 |  201.5 |
               +--------+--------+--------+--------+--------+-----+--------+

Top non-repeatable levels by time:
     D:2: 264 daAuts
     D:4: 243 daAuts
     D:5: 239 daAuts
     D:6: 237 daAuts
     D:1: 227 daAuts
     D:3: 223 daAuts
     D:7: 111 daAuts
     D:8: 65 daAuts
